 Dungeon Crawl Stone Soup version 0.28-a0-592-g6fc52098c6 (webtiles) character file.

Game seed: 5922394694472491256

8419 KristoblXynda the Covert (level 11, -1/84 HPs)
             Began as a Spriggan Berserker on Oct 4, 2021.
             Was a High Priest of Trog.
             Killed from afar by a gargoyle (12 damage)
             ... with a stone arrow
             ... on level 12 of the Dungeon.
             The game lasted 00:15:54 (13739 turns).

KristoblXynda the Covert (Spriggan Berserker)      Turns: 13739, Time: 00:15:55

Health: -1/84      AC:  4    Str: 15    XL:     11   Next: 9%
Magic:  12/12      EV: 28    Int: 12    God:    Trog [*****.]
Gold:   519        SH:  5    Dex: 22    Spells: 10/10 levels left

rFire   + . .      SeeInvis +   l - +3 dagger (venom)
rCold   . . .      Faith    .   (shield restricted)
rNeg    + . .      Spirit   .   u - +1 robe {rN+}
rPois   .          Reflect  +   (helmet restricted)
rElec   .          Harm     .   r - +0 cloak
rCorr   .          Rampage  .   (gloves unavailable)
Will    ++...                   (boots unavailable)
Stlth   ..........              o - amulet of reflection
HPRegen 0.24/turn               b - +6 ring of dexterity
MPRegen 0.13/turn               z - ring "Forget-Me-Not" {rF+ Will+ Int+3 Stlth+}

@: berserking, very quick
A: very small, no large weapons, unfitting armour, see invisible, speed 3
a: Renounce Religion, Berserk, Trog's Hand, Brothers in Arms


You were on level 12 of the Dungeon.
You worshipped Trog.
Trog was extremely pleased with you.
You visited 2 branches of the dungeon, and saw 13 of its levels.

You collected 616 gold pieces.
You spent 97 gold pieces at shops.

Inventory:

Hand Weapons
 l - a +3 dagger of venom (weapon)
 y - a +2 short sword of holy wrath
Armour
 r - a +0 cloak (worn)
 u - a +1 robe of positive energy (worn)
Jewellery
 b - a +6 ring of dexterity (left hand)
 o - an amulet of reflection (around neck)
 z - the ring "Forget-Me-Not" (right hand) {rF+ Will+ Int+3 Stlth+}
   (You found it on level 8 of the Dungeon)

   [ring of willpower]

   Int:       It affects your intelligence (+3).
   rF:        It protects you from fire.
   Will:      It increases your willpower.
   Stlth:     It makes you more stealthy.
Wands
 j - a wand of iceblast (13)
 s - a wand of paralysis (7)
 w - a wand of mindburst (2)
Scrolls
 a - 2 scrolls of immolation
 d - 5 scrolls of teleportation
 e - a scroll of brand weapon {unknown}
 i - 2 scrolls of blinking {unknown}
 k - 2 scrolls of magic mapping
 q - a scroll of enchant weapon
 t - 2 scrolls of enchant armour
 x - a scroll of identify
 A - a scroll of silence
 B - a scroll of summoning
Potions
 c - 6 potions of curing
 f - 2 potions of haste
 g - 2 potions of attraction
 h - a potion of resistance
 m - 5 potions of heal wounds
 n - a potion of might
 p - 2 potions of flight
 v - a potion of mutation


   Skills:
 - Level 5.3 Fighting
 + Level 10.1 Short Blades
 + Level 4.8 Armour
 + Level 11.9 Dodging
 - Level 13.0 Stealth
 + Level 1.4 Evocations


You had 10 spell levels left.
You didn't know any spells.
Your spell library contained the following spells:

 Spells                   Type           Power      Damage    Failure   Level
 Beastly Appendage        Tmut           0%         N/A       32%         1
 Sandblast                Erth           0%         2d4       32%         1
 Summon Small Mammal      Summ           0%         N/A       32%         1
 Passwall                 Tmut/Erth      0%         N/A       45%         2
 Slow                     Hex            0%         N/A       45%         2
 Wereblood                Tmut           0%         N/A       45%         2
 Call Canine Familiar     Summ           0%         N/A       69%         3
 Confusing Touch          Hex            0%         N/A       69%         3
 Spider Form              Tmut/Pois      0%         N/A       69%         3
 Stone Arrow              Conj/Erth      0%         3d7       69%         3
 Summon Guardian Golem    Hex/Summ       0%         N/A       69%         3
 Fireball                 Conj/Fire      0%         3d3       100%        5
 Yara's Violent Unravell  Hex/Tmut       0%         3d3       100%        5
 Starburst                Conj/Fire      0%         6d3       100%        6
 Ignition                 Fire           0%         3d3       100%        8


Dungeon Overview and Level Annotations

Branches:
Dungeon (12/15)            Temple (1/1) D:5            Lair (0/6) D:8
    Orc: D:9-12

Altars:
Ashenzari
Cheibriados
Dithmenos
Elyvilon
Fedhas
Gozag
Hepliaklqana
Kikubaaqudgha
Makhleb
Nemelex Xobeh
Okawaru
Qazlal
Ru
Sif Muna
Trog
Uskayaw
Vehumet
Wu Jian
Xom
Yredelemnul
Zin
The Shining One

Shops:
D:1 [   D:5 [   D:8 =   D:9 ?   D:11 (

Annotations:
D:8 2 transporters, generaletaddeo's ghost, novice GnCA


Innate Abilities, Weirdness & Mutations

You are very small and have problems with some larger weapons.
You are too small for most types of armour.
You have supernaturally acute eyesight. (SInv)
You cover ground extremely quickly. (Speed+++)


Message History

You hit the gargoyle.
The gargoyle is moderately damaged.
You hit the gargoyle but do no damage.
The gargoyle is moderately damaged.
The gargoyle hurls a stone arrow at you.
The stone arrow misses you.
You hit the gargoyle but do no damage.
The gargoyle is moderately damaged.
You hit the gargoyle.
The gargoyle is moderately damaged.
You hit the gargoyle but do no damage.
The gargoyle is moderately damaged.
The gargoyle hurls a stone arrow at you.
The stone arrow misses you.
You puncture the gargoyle!
The gargoyle is severely damaged.
You closely miss the gargoyle.
The gargoyle is severely damaged.
You hit the gargoyle but do no damage.
The gargoyle is severely damaged.
The gargoyle hurls a stone arrow at you.
The stone arrow hits you!!
* * * LOW HITPOINT WARNING * * *
You hit the gargoyle.
The gargoyle is severely damaged.
You puncture the gargoyle!
The gargoyle is almost destroyed.
You are no longer corroded.
You hit the gargoyle but do no damage.
The gargoyle is almost destroyed.
The gargoyle misses you.
You hit the gargoyle but do no damage.
The gargoyle is almost destroyed.
You barely miss the gargoyle.
The gargoyle is almost destroyed.
You hit the gargoyle but do no damage.
The gargoyle is almost destroyed.
The gargoyle hurls a stone arrow at you.
The stone arrow hits you!
You die...

........# #.......#
#.......# #.......#
#.......##
#.........
#....####. #9####
#@# #.# .... #.#
...... .###+##.#
...... ........#
..... ........#
...#
........#######...#
......)...........#
..................#


You could see a gargoyle.

Vanquished Creatures
  2 two-headed ogres
  A manticore (D:11)
  A gargoyle (D:12)
  2 komodo dragons
  A hornet (D:7)
  Grinder (D:4)
  A wyvern (D:9)
  A wraith (D:12)
  A vampire (D:10)
  A shadow (D:10)
  3 yaks (D:9)
  Sigmund (D:2)
  An acid dragon (D:12)
  A water moccasin (D:7)
  2 orc warriors (D:11)
  3 sky beasts
  A necrophage (D:6)
  2 black bears
  The ghost of Nr616 the Chopper, an amateur MiGl (D:4)
  An ogre (D:4)
  3 centaurs
  4 kobold brigands
  Blork the orc (D:5)
  A gnoll sergeant (D:7)
  2 scorpions
  2 bullfrogs
  A wyvern skeleton (D:7)
  A water moccasin zombie (D:7)
  7 wights
  10 killer bees (D:9)
  3 howler monkeys (D:11)
  A bullfrog zombie (D:5)
  4 centaur zombies
  2 jellies
  3 hounds
  2 bullfrog skeletons
  Jessica (D:3)
  5 iguanas
  6 orc wizards
  3 gnolls (D:7)
  A howler monkey skeleton (D:7)
  2 howler monkey zombies (D:9)
  8 adders
  A shadow imp (D:5)
  4 white imps
  2 worms
  2 dart slugs
  22 orcs
  7 bats
  9 endoplasms
  5 giant cockroaches
  10 goblins
  7 hobgoblins
  6 jackals
  30 kobolds
  7 quokkas
  4 ball pythons
  3 frilled lizards
  4 rats
224 creatures vanquished.

Vanquished Creatures (others)
  2 plants (D:8)
2 creatures vanquished.

Grand Total: 226 creatures vanquished

Notes
Turn   | Place    | Note
-------+----------+-------------------------------------------
     0 | D:1      | KristoblXynda the Spriggan Berserker began the quest for
                  | the Orb.
     0 | D:1      | Reached XP level 1. HP: 11/11 MP: 2/2
   257 | D:1      | Found Somareit's Armour Shoppe.
   262 | D:1      | Reached skill level 1 in Stealth
   274 | D:1      | Reached XP level 2. HP: 11/16 MP: 3/3
  1085 | D:1      | Reached skill level 2 in Stealth
  1177 | D:1      | Reached XP level 3. HP: 19/19 MP: 4/4
  1184 | D:1      | Found a faded altar of an unknown god.
  1897 | D:2      | Reached ** piety under Trog
  1947 | D:2      | Found a sacrificial altar of Ru.
  1972 | D:2      | Noticed Sigmund
  1992 | D:2      | Killed Sigmund
  1993 | D:2      | Reached skill level 5 in Dodging
  1993 | D:2      | Reached skill level 3 in Stealth
  1993 | D:2      | Reached XP level 4. HP: 24/24 MP: 5/5
  1993 | D:2      | Reached XP level 5. HP: 28/28 MP: 6/6
  2460 | D:2      | Reached skill level 4 in Stealth
  2983 | D:3      | Noticed Jessica
  2992 | D:3      | Killed Jessica
  2993 | D:3      | Reached XP level 6. HP: 32/32 MP: 7/7
  4023 | D:4      | Reached skill level 5 in Stealth
  4298 | D:4      | Noticed Grinder
  4319 | D:4      | Killed Grinder
  4320 | D:4      | Reached skill level 5 in Short Blades
  4320 | D:4      | Reached XP level 7. HP: 5/37 MP: 8/8
  4632 | D:4      | Found an ornate altar of the Wu Jian Council.
  4635 | D:4      | Found a radiant altar of Vehumet.
  4637 | D:4      | Found a hazy altar of Hepliaklqana.
  4639 | D:4      | Reached skill level 6 in Stealth
  4722 | D:4      | Found a runed translucent door.
  4726 | D:4      | Noticed Nr616's ghost (amateur MiGl)
  4740 | D:4      | Reached *** piety under Trog
  4746 | D:4      | Killed Nr616's ghost
  5218 | D:5      | Entered Level 5 of the Dungeon
  5298 | D:5      | Found a snail-covered altar of Cheibriados.
  5299 | D:5      | Noticed Blork the orc
  5306 | D:5      | Killed Blork the orc
  5358 | D:5      | Found a shimmering altar of Xom.
  5437 | D:5      | Found a staircase to the Ecumenical Temple.
  5516 | D:5      | Reached skill level 7 in Stealth
  5516 | D:5      | Reached XP level 8. HP: 37/42 MP: 9/9
  5897 | D:1      | Bought a +1 robe of positive energy for 97 gold pieces
  6131 | D:5      | Found Hubaok's Armour Emporium.
  6481 | D:6      | Reached skill level 8 in Stealth
  6501 | D:6      | Reached skill level 5 in Fighting
  7165 | D:6      | Reached skill level 9 in Stealth
  7488 | D:7      | Reached XP level 9. HP: 40/47 MP: 10/10
  7683 | D:7      | Reached skill level 1 in Armour
  8694 | D:7      | Reached **** piety under Trog
  8816 | D:8      | Noticed a two-headed ogre
  8861 | D:8      | Killed a two-headed ogre
  8862 | D:8      | Reached skill level 10 in Stealth
  9026 | D:8      | Reached skill level 10 in Dodging
  9306 | D:8      | Found Dileumad's Jewellery Boutique.
  9339 | D:8      | Identified the ring "Forget-Me-Not" {rF+ Will+ Int+3
                  | Stlth+}
  9833 | D:8      | Found a transporter.
  9833 | D:8      | Noticed a two-headed ogre
  9833 | D:8      | Noticed generaletaddeo's ghost (novice GnCA)
  9861 | D:8      | Found a transporter.
  9917 | D:8      | Found a burning altar of Makhleb.
  9918 | D:8      | Found a shimmering blue altar of Sif Muna.
  9922 | D:8      | Found a shadowy altar of Dithmenos.
  9924 | D:8      | Found a stormy altar of Qazlal.
  9927 | D:8      | Found a glowing silver altar of Zin.
  9983 | D:8      | Found a staircase to the Lair.
  9984 | D:8      | Noticed a komodo dragon
 10011 | D:8      | Killed a komodo dragon
 10012 | D:8      | Reached skill level 11 in Stealth
 10012 | D:8      | Reached XP level 10. HP: 51/51 MP: 11/11
 10506 | D:9      | Reached ***** piety under Trog
 10693 | D:9      | Found Yjaolag's Magic Scroll Shoppe.
 11230 | D:10     | Entered Level 10 of the Dungeon
 11559 | D:10     | Reached skill level 12 in Stealth
 11957 | Temple   | Entered the Ecumenical Temple
 12581 | D:10     | Identified the +6 dagger of a bailey {drain, Int+5}
 12641 | D:11     | Noticed a manticore
 12644 | D:11     | Killed a manticore
 12920 | D:11     | Found Tevoa's Weapon Shoppe.
 13200 | D:11     | Noticed a two-headed ogre
 13230 | D:11     | Killed a two-headed ogre
 13231 | D:11     | Reached skill level 10 in Short Blades
 13231 | D:11     | Reached skill level 13 in Stealth
 13231 | D:11     | Reached XP level 11. HP: 23/56 MP: 12/12
 13681 | D:12     | Noticed a deep elf pyromancer
 13682 | D:12     | Reached skill level 1 in Evocations
 13739 | D:12     | Killed from afar by a gargoyle

Illustrated notes

Levels and vault maps discovered:
D:1:      minmay_arrival_jagged, layout_loops_cross, serial_shops, shop,
          hellmonk_ecumenical_altar_arch_garden, chequers_mini_garden
D:2:      layout_loops_ring, basic_altar, uniq_sigmund
D:3:      layout_basic, uniq_jessica
D:4:      layout_rooms, grunt_temple_overflow_open, ebering_ghost_sewer_d,
          minmay_goblin_kobold_house, uniq_grinder
D:5:      layout_loops_ring, lemuel_tele_altar, old_standard_altar,
          minmay_temple_entry_nine_rooms, serial_shops, shop_fountains,
          kennysheep_potato, uniq_blork_the_orc
D:6:      layout_basic
D:7:      layout_gridville
D:8:      layout_basic, minitemple, david_lair_shrubbed, gammafunk_ghost_arena,
          minivault_27, minmay_shop_enchanted_jewellery
D:9:      layout_irregular_city, serial_rivers, chequers_serial_rivers_micro_e,
          chequers_serial_rivers_small_3, chequers_serial_rivers_large_a,
          chequers_serial_rivers_micro_a, chequers_serial_rivers_micro_a,
          serial_shops, nicolae_diamond_shop
D:10:     layout_irregular_city
D:11:     layout_basic, serial_shops, shop
D:12:     layout_irregular_city, orc_0_dummy
Temple:   minmay_temple_bridge_abc

Skill      XL: |  1  2  3  4  5  6  7  8  9 10 11 |
---------------+----------------------------------+-----
Stealth        | 1 2 3 4 5 7 9 11 13 | 13.0
Fighting       | 3 4 5 |  5.3
Short Blades   | 4 5 6 7 8 10 | 10.1
Dodging        | 5 6 7 8 10 11 | 11.9
Armour         | 3 4 |  4.8
Evocations     | 1 |  1.4

Action                   |  1- 3 |  4- 6 |  7- 9 | 10-12 || total
-------------------------+-------+-------+-------+-------++-------
Melee: Short sword       |   102 |    66 |       |    35 ||   203
       Dagger            |       |    65 |   453 |   244 ||   762
Invok: Berserk           |     2 |     4 |     9 |     5 ||    20
Evoke: Wand              |       |       |       |     3 ||     3
  Use: Potion            |       |     1 |       |       ||     1
       Scroll            |       |       |    10 |     6 ||    16
 Stab: Sleeping          |     6 |     6 |    24 |    16 ||    52
Armor: Animal skin       |     6 |     8 |     6 |       ||    20
       Robe              |       |       |    20 |    21 ||    41
Dodge: Dodged            |    66 |    87 |   281 |   162 ||   596
Block: Other             |       |       |    26 |    53 ||    79
       Reflection        |       |       |     2 |       ||     2

Table legend: (Time is in decaauts)
 A = Elapsed time spent in this place.
 B = Non-inter-level travel time spent in this place.
 C = Inter-level travel time spent in this place.
 D = Time resting spent in this place.
 E = Time spent auto-exploring this place.
 F = Levels seen in this place.
 G = Mean time per level.
                   A        B        C        D        E       F      G
               +--------+--------+--------+--------+--------+-----+--------+
         Total |  10724 |  10273 |    451 |   4062 |   4704 |  13 |  824.9 |
       Dungeon |  10606 |  10170 |    436 |   4062 |   4603 |  12 |  883.8 |
        Temple |    118 |    103 |     15 |      0 |    100 |   1 |  118.0 |
               +--------+--------+--------+--------+--------+-----+--------+

Top non-repeatable levels by time:
     D:1: 1539 daAuts
     D:4: 1128 daAuts
     D:7: 1102 daAuts
     D:8: 1073 daAuts
     D:2: 933 daAuts
     D:5: 874 daAuts
     D:9: 865 daAuts
    D:11: 816 daAuts
     D:6: 778 daAuts
     D:3: 776 daAuts
    D:10: 648 daAuts
  Temple: 118 daAuts
    D:12: 69 daAuts
